 Dungeon Crawl Stone Soup version 0.23-b1 (webtiles) character file.

Game seed: 13302063107545816690

100247 Kohma the Peltast (level 15, -6/136 HPs)
             Began as a Minotaur Fighter on Jan 31, 2019.
             Was the Champion of Okawaru.
             Killed from afar by a thorn hunter (23 damage)
             ... with a volley of thorns
             ... on level 1 of the Swamp.
             The game lasted 01:11:44 (24365 turns).

Kohma the Peltast (Minotaur Fighter)               Turns: 24365, Time: 01:11:44

Health: -6/136     AC: 30    Str: 35    XL:     15   Next: 80%
Magic:  18/18      EV:  7    Int:  5    God:    Okawaru [******]
Gold:   708        SH: 27    Dex: 18    Spells: 14/14 levels left

rFire    . . .     SeeInvis .   D - +4 demon blade (vamp)
rCold    + . .     Gourm    .   V - +2 large shield "Foatte" {MR++ Str+4}
rNeg     . . .     Faith    .   R - +6 plate armour of the Alphagorgon {rC+}
rPois    .         Spirit   .   s - +2 hat
rElec    .         Reflect  .   (no cloak)
rCorr    .         Harm     .   Q - +1 pair of gloves {Str+3}
MR       +++..                  x - +2 pair of boots
Stlth    ..........             M - amulet of the acrobat
HPRegen  0.32/turn              l - +4 ring of strength
MPRegen  0.16/turn              I - +5 ring of dexterity

@: no status effects
A: retaliatory headbutt, horns 2
a: Heroism, Finesse, Renounce Religion


You were on level 1 of the Swamp.
You worshipped Okawaru.
Okawaru was exalted by your worship.
You were not hungry.

You visited 5 branches of the dungeon, and saw 25 of its levels.
You also visited: Ossuary.

You collected 2267 gold pieces.
You spent 1559 gold pieces at shops.

Inventory:

Hand Weapons
 D - a +4 vampiric demon blade (weapon)
 H - a +3 double sword of flaming
Missiles
 u - 5 javelins (quivered)
Armour
 s - a +2 hat (worn)
 x - a +2 pair of boots (worn)
 Q - a +1 pair of gloves of strength (worn)
 R - the +6 plate armour of the Alphagorgon (worn) {rC+}
   (You bought it in a shop on level 2 of the Orcish Mines)

   It protects you from cold.
 V - the +2 large shield "Foatte" (worn) {MR++ Str+4}
   (Okawaru gifted it to you on level 4 of the Lair of Beasts)

   It affects your strength (+4).
   It affects your resistance to hostile enchantments.
Jewellery
 l - a +4 ring of strength (left hand)
 p - an uncursed ring of fire
 A - a +5 ring of strength
 I - a +5 ring of dexterity (right hand)
 M - an amulet of the acrobat (around neck)
 O - an uncursed ring of wizardry
Wands
 a - a wand of iceblast (16)
 b - a wand of acid (19)
 i - a wand of enslavement (13)
 q - a wand of polymorph (12)
 L - a wand of flame (32)
 S - a wand of scattershot (9)
 X - a wand of paralysis (19)
Scrolls
 g - a scroll of identify
 k - 11 scrolls of remove curse
 w - 15 scrolls of teleportation
 y - 3 scrolls of silence
 E - 3 scrolls of magic mapping
 J - 4 scrolls of fog
 N - 2 scrolls of blinking
 P - 2 scrolls of enchant armour
 U - 2 scrolls of fear
Potions
 d - 5 potions of might
 e - 4 potions of lignification
 h - 4 potions of berserk rage
 j - 6 potions of brilliance
 m - a potion of flight
 n - 8 potions of heal wounds
 o - a potion of cancellation
 r - 7 potions of curing
 t - 2 potions of invisibility
 v - 2 potions of ambrosia
 z - 5 potions of haste
 C - a potion of agility
 F - a potion of magic {unknown}
 G - 6 potions of mutation
 T - a potion of resistance {unknown}
Miscellaneous
 c - a sack of spiders
 K - a fan of gales
Comestibles
 f - 39 rations


   Skills:
 + Level 13.5 Fighting
 - Level 16.0 Long Blades
 + Level 13.5 Armour
 * Level 19.9 Shields
 - Level 6.0 Invocations
 - Level 5.0 Evocations


You had 14 spell levels left.
You didn't know any spells.
Your spell library contained the following spells:

 Spells                   Type           Power        Failure   Level  Hunger
 Animate Skeleton         Necr           N/A          99%         1    ##.....
 Apportation              Tloc           #.....       99%         1    ##.....
 Confusing Touch          Hex            #.....       99%         1    ##.....
 Summon Small Mammal      Summ           #...         99%         1    ##.....
 Call Imp                 Summ           #.......     100%        2    ###....
 Poisonous Vapours        Pois/Air       #.....       100%        2    ###....
 Call Canine Familiar     Summ           #.......     100%        3    ####...
 Conjure Flame            Conj/Fire      #.......     100%        3    ####...
 Mephitic Cloud           Conj/Pois/Air  #.......     100%        3    ####...
 Summon Guardian Golem    Hex/Summ       #.......     100%        3    ####...
 Summon Ice Beast         Ice/Summ       #.......     100%        4    #####..
 Summon Lightning Spire   Summ/Air       #.......     100%        4    #####..
 Freezing Cloud           Conj/Ice/Air   #.........   100%        6    #######
 Ring of Flames           Chrm/Fire      #.........   100%        7    #######


Dungeon Overview and Level Annotations

Branches:
Dungeon (15/15)            Temple (1/1) D:7            Lair (6/6) D:8
  Swamp (1/4) Lair:3       Spider (0/4) Lair:3        Slime (0/5) Lair:6
    Orc (2/2) D:9             Elf (0/3) Orc:2        Vaults (0/5) D:14
 Depths (0/5) D:15

Altars:
Ashenzari
Cheibriados
Dithmenos
Elyvilon
Fedhas
Gozag
Hepliaklqana
Kikubaaqudgha
Makhleb
Nemelex Xobeh
Okawaru
Qazlal
Ru
Sif Muna
Trog
Uskayaw
Vehumet
Wu Jian
Xom
Yredelemnul
Zin
The Shining One
Beogh

Shops:
D:8 :!:   Orc:2 [([*

Annotations:
D:12 3 runed translucent doors, Tinen's ghost, journeyman TrMo


Innate Abilities, Weirdness & Mutations

You reflexively headbutt those who attack you in melee.
You have a pair of horns on your head.


Message History

The thorn hunter is moderately damaged.
The thorn hunter gestures.
Thorny briars emerge from the ground!
You hit the thorn hunter. You headbutt the thorn hunter.
The thorn hunter is moderately damaged.
The briar patch crumbles away. x2
The thorn hunter gestures.
You block the thorn hunter's attack. x2
You slash the thorn hunter!
The thorn hunter is heavily damaged.
You barely miss the thorn hunter.
The thorn hunter is heavily damaged.
The thorn hunter gestures. x2
You block the thorn hunter's attack. The thorn hunter hits you.
* * * LOW HITPOINT WARNING * * *
You slash the thorn hunter! You headbutt the thorn hunter!
The thorn hunter is heavily damaged.
The thorn hunter fires a volley of thorns at you.
The volley of thorns hits you!!
You die...

♣♣..♣♣♣♣♣≈≈.≈≈≈≈≈≈≈.≈ ♣♣
♣.≈≈≈♣....≈...≈≈≈≈≈.
♣≈♣♣≈≈.♣.†≈≈≈≈≈.≈≈≈≈.≈≈
♣≈≈♣♣..≈..≈≈≈≈≈.≈≈≈≈..≈
♣...♣♣≈♣≈.≈≈≈≈...≈..§.≈
♣§....♣♣P.≈....♣♣♣♣♣♣≈.
♣...≈≈≈§P...♣.....≈..≈..
♣≈≈.§≈P.fPP≈.....≈≈≈....
♣♣....P@PPP≈≈....≈≈≈.≈..
♣♣P≈§...P....≈.≈≈≈≈§.≈≈≈
♣PP≈≈..≈♣..≈≈≈≈≈≈≈.≈§≈≈≈
♣♣P.........≈≈.≈≈≈..≈≈.)
♣♣.≈≈≈..≈..............
.PPPPPP≈≈..♣♣♣♣♣≈♣♣♣♣♣≈.
♣PPPPPPP≈≈≈.≈♣♣♣≈♣...♣ [
♣PP≈..≈§≈≈≈≈.≈♣♣.≈♣..♣♣♣♣
♣♣.......≈≈..≈♣♣♣≈..♣♣≈≈≈


You could see a thorn hunter.

Vanquished Creatures
  Saint Roka (Orc:2)
  A thorn hunter (Swamp:1)
  Nessos (Lair:4)
  A fire dragon (Lair:6)
  Josephine (Orc:2)
  The ghost of Zaegoraum the Carver, a journeyman DsAK of Lugonu (Lair:4)
  2 vault guards (D:14)
  A great orb of eyes (shapeshifter) (D:15)
  5 hydras
  3 two-headed ogres
  5 centaur warriors
  2 alligators (Swamp:1)
  An ogre mage (D:11)
  4 death yaks (Lair:4)
  2 orc high priests (Orc:2)
  3 tengu warriors
  A glowing orange brain (D:15)
  A swamp dragon (Lair:6)
  An unseen horror (shapeshifter) (D:15)
  2 wizards (D:14)
  An orc knight (Orc:2)
  An orb spider (shapeshifter) (D:15)
  A salamander (shapeshifter) (D:15)
  2 deep elf magi (D:15)
  2 wolf spiders
  10 ugly things
  2 manticores (D:11)
  4 orc sorcerers (Orc:2)
  2 necromancers (D:14)
  3 cyclopes
  5 elephants (Lair:6)
  A guardian serpent (Lair:6)
  10 black mambas
  15 spiny frogs
  2 gargoyles
  Psyche (D:8)
  2 centaur zombies
  A centaur skeleton (D:15)
  3 rime drakes (Lair:6)
  4 komodo dragons
  A kobold demonologist (D:11)
  A tengu conjurer (D:15)
  11 polar bears
  7 trolls
  21 slime creatures
  A tyrant leech (Swamp:1)
  2 hornets (Lair:6)
  23 blink frogs
  4 bog bodies
  6 dream sheep (Lair:5)
  A meliai zombie (D:13)
  6 hippogriffs
  4 redbacks (Lair:6)
  12 wyverns
  2 shadows
  A vampire (D:9)
  4 water elementals (D:14)
  6 wraiths
  A human (shapeshifter) (D:14)
  A basilisk (Lair:6)
  3 steam dragons (Lair:6)
  19 humans (D:14)
  4 hungry ghosts
  A golden eye (shapeshifter) (D:15)
  50 yaks
  8 vampire mosquitoes
  A swamp worm (Swamp:1)
  17 water moccasins
  An acid dragon (Lair:6)
  A soldier ant (D:10)
  A hornet zombie (D:14)
  9 porcupines
  23 orc warriors
  2 swamp drakes (Lair:6)
  2 eyes of draining
  5 ice beasts
  5 boggarts (D:14)
  4 necrophages
  9 wolves
  11 centaurs
  10 ogres
  5 big kobolds
  9 crocodiles
  16 bullfrogs
  2 elf skeletons (D:7)
  A water moccasin zombie (Ossuary)
  An elf zombie (D:7)
  3 scorpions
  9 killer bees
  9 electric eels
  7 howler monkeys
  2 bullfrog zombies
  7 crimson imps
  2 quasits
  5 hounds
  18 orc wizards
  18 orc priests
  7 jellies
  A bullfrog skeleton (D:5)
  5 iguanas
  Ijyb (D:4)
  9 worker ants
  4 big kobold zombies (Ossuary)
  A hound skeleton (D:9)
  2 mummies (Ossuary)
  A worker ant zombie (D:5)
  4 gnolls
  A howler monkey skeleton (D:9)
  16 adders
  A shadow imp (D:11)
  A white imp (D:4)
  8 oozes
  2 adder skeletons
  2 adder zombies (Ossuary)
  2 worms (D:4)
  2 dart slugs (D:2)
  4 leopard geckos
  105 orcs
  6 bats
  5 giant cockroaches
  A gnoll zombie (Ossuary)
  4 goblins
  6 hobgoblins
  3 jackals (D:1)
  20 kobolds
  5 quokkas
  A frilled lizard (D:1)
  3 hobgoblin zombies (Ossuary)
  7 kobold zombies (Ossuary)
  A leopard gecko skeleton (D:5)
  A leopard gecko zombie (D:5)
  2 orc skeletons (D:7)
  7 orc zombies
  A quokka skeleton (D:8)
  9 rats
  6 briar patches (Swamp:1)
  A plant (D:1)
794 creatures vanquished.

Vanquished Creatures (others)
  A redback (Lair:6)
  A bat (D:3)
  A bush (Lair:6)
  28 fungi
  30 plants
61 creatures vanquished.

Grand Total: 855 creatures vanquished

Notes
Turn   | Place    | Note
-------+----------+-------------------------------------------
     0 | D:1      | Kohma the Minotaur Fighter began the quest for the Orb.
     0 | D:1      | Reached XP level 1. HP: 19/19 MP: 0/0
   293 | D:1      | Reached XP level 2. HP: 23/26 MP: 1/1
   467 | D:1      | Reached skill level 4 in Shields
   842 | D:2      | Reached XP level 3. HP: 27/31 MP: 2/2
  1030 | D:2      | Found a faded altar of an unknown god.
  1319 | D:3      | Reached XP level 4. HP: 36/39 MP: 3/3
  1421 | D:3      | Reached skill level 5 in Long Blades
  1591 | D:2      | Reached XP level 5. HP: 31/45 MP: 4/4
  1593 | D:2      | Reached skill level 5 in Shields
  2114 | D:4      | Found an iron altar of Okawaru.
  2114 | D:4      | Found an opulent altar of Gozag.
  2115 | D:4      | Found a radiant altar of Vehumet.
  2126 | D:4      | Became a worshipper of Warmaster Okawaru
  2318 | D:4      | Reached XP level 6. HP: 49/51 MP: 5/5
  2779 | D:4      | Noticed Ijyb
  2812 | D:4      | Killed Ijyb
  2897 | D:4      | Reached * piety under Okawaru
  2897 | D:4      | Reached skill level 6 in Shields
  3167 | D:5      | Entered Level 5 of the Dungeon
  3292 | D:5      | Reached XP level 7. HP: 40/57 MP: 6/6
  4374 | D:6      | Reached skill level 7 in Shields
  4589 | D:6      | Found a basalt altar of Yredelemnul.
  4591 | D:6      | Found a hide-covered altar of Uskayaw.
  4593 | D:6      | Found a deep blue altar of Sif Muna.
  4593 | D:6      | Found a blossoming altar of Fedhas.
  4696 | D:6      | Got a fine scale mail
  4707 | D:6      | Identified the +5 scale mail "Kagiac" {MR+ Int+3} (You
                  | found it on level 6 of the Dungeon)
  4887 | D:6      | Reached ** piety under Okawaru
  4887 | D:6      | Reached XP level 8. HP: 64/64 MP: 7/7
  5078 | D:7      | Found a staircase to the Ecumenical Temple.
  5149 | D:7      | Found a sand-covered staircase.
  5154 | Ossuary  | Entered an ossuary
  5224 | Ossuary  | Reached skill level 10 in Long Blades
  5348 | D:7      | Reached skill level 8 in Shields
  5557 | D:7      | Reached *** piety under Okawaru
  5751 | D:7      | Found a shimmering altar of Xom.
  6194 | Temple   | Entered the Ecumenical Temple
  6480 | D:8      | Noticed Psyche
  6491 | D:8      | Reached XP level 9. HP: 70/70 MP: 8/8
  6497 | D:8      | Killed Psyche
  6497 | D:8      | Reached skill level 9 in Shields
  6741 | D:8      | Found a staircase to the Lair.
  6798 | D:8      | Reached **** piety under Okawaru
  6800 | D:8      | Reached skill level 10 in Shields
  7298 | D:8      | Found Adghoifo's Distillery.
  7393 | D:8      | Found Paputwalo's Book Shoppe.
  7571 | D:8      | Found Peisacsa's Book Boutique.
  7625 | D:9      | Noticed a gargoyle
  7645 | D:9      | Killed a gargoyle
  7645 | D:9      | Reached XP level 10. HP: 46/77 MP: 9/9
  7856 | D:9      | Reached ***** piety under Okawaru
  7864 | D:9      | Reached skill level 11 in Shields
  7888 | D:9      | Found a staircase to the Orcish Mines.
  7917 | D:9      | Found a glowing golden altar of the Shining One.
  7991 | D:9      | Reached skill level 12 in Shields
  8297 | D:9      | Reached skill level 13 in Shields
  8597 | D:10     | Entered Level 10 of the Dungeon
  9260 | D:11     | Reached skill level 14 in Shields
  9266 | D:11     | Noticed a manticore
  9273 | D:10     | Reached XP level 11. HP: 42/82 MP: 10/10
  9542 | D:11     | Reached ****** piety under Okawaru
  9542 | D:11     | Received a gift from Okawaru
  9608 | D:11     | Noticed an ogre mage
  9613 | D:11     | Killed an ogre mage
  9886 | D:11     | Noticed a sun demon
  9892 | D:11     | Noticed a sun demon
 10373 | D:12     | Reached skill level 15 in Long Blades
 10396 | D:12     | Reached skill level 15 in Shields
 10545 | D:12     | Noticed a two-headed ogre
 10550 | D:12     | Killed a two-headed ogre
 10550 | D:12     | Received a gift from Okawaru
 10602 | D:12     | Noticed a two-headed ogre
 10611 | D:12     | Killed a two-headed ogre
 10702 | D:12     | Noticed a minotaur
 10702 | D:12     | Noticed Tinen's ghost (journeyman TrMo)
 10702 | D:12     | Noticed a white ugly thing
 10705 | D:12     | Noticed a purple ugly thing
 10736 | D:12     | Found a runed translucent gate.
 10736 | D:12     | Found a runed translucent gate.
 10736 | D:12     | Found a runed translucent gate.
 10821 | D:12     | Reached skill level 1 in Invocations
 11292 | Lair:1   | Entered Level 1 of the Lair of Beasts
 11474 | Lair:1   | Reached XP level 12. HP: 92/92 MP: 12/12
 11614 | Lair:1   | Reached skill level 5 in Fighting
 11614 | Lair:1   | Reached skill level 5 in Armour
 11686 | Lair:1   | Received a gift from Okawaru
 12497 | Lair:2   | Noticed a five-headed hydra
 12505 | Lair:2   | Killed an eight-headed hydra
 13102 | Lair:3   | Found a hole to the Spider Nest.
 13145 | Lair:3   | Reached skill level 5 in Invocations
 13146 | Lair:3   | Found a staircase to the Swamp.
 13944 | Lair:4   | Reached skill level 1 in Evocations
 13962 | Lair:4   | Noticed Nessos
 13971 | Lair:4   | Killed Nessos
 14507 | Lair:4   | Noticed a death yak
 14521 | Lair:4   | Killed a death yak
 14521 | Lair:4   | Received a gift from Okawaru
 14533 | Lair:4   | Got an encrusted large shield {god gift}
 14550 | Lair:4   | Reached XP level 13. HP: 70/108 MP: 16/16
 14556 | Lair:4   | Identified the +2 large shield "Foatte" {MR++ Str+4}
                  | (Okawaru gifted it to you on level 4 of the Lair of Beasts)
 14708 | Lair:4   | Found a runed translucent door.
 14714 | Lair:4   | Noticed Zaegoraum's ghost (journeyman DsAK)
 14726 | Lair:4   | Killed Zaegoraum's ghost
 16011 | Lair:6   | Entered Level 6 of the Lair of Beasts
 16049 | Lair:5   | Received a gift from Okawaru
 16084 | Lair:6   | Reached skill level 16 in Shields
 16107 | Lair:6   | Reached skill level 10 in Armour
 16146 | Lair:6   | Reached skill level 10 in Fighting
 17064 | Lair:6   | Found a staircase to the Slime Pits.
 17101 | Lair:6   | Reached skill level 5 in Evocations
 17105 | Lair:6   | Reached XP level 14. HP: 122/122 MP: 17/17
 17619 | Lair:6   | Reached skill level 17 in Shields
 17861 | Lair:6   | HP: 6/124 [poison (poison gas)]
 17867 | Lair:6   | HP: 4/124 [poison (poison gas)]
 17874 | Lair:6   | HP: 3/124 [poison (poison gas)]
 17881 | Lair:6   | HP: 3/124 [poison (poison gas)]
 17889 | Lair:6   | HP: 4/124 [poison (poison gas)]
 18612 | D:13     | Received a gift from Okawaru
 19512 | D:14     | Received a gift from Okawaru
 19880 | D:14     | Reached skill level 18 in Shields
 20621 | D:14     | Found a gate to the Vaults.
 20649 | D:14     | Reached XP level 15. HP: 133/133 MP: 18/18
 20818 | D:15     | Entered Level 15 of the Dungeon
 21499 | D:15     | Reached skill level 19 in Shields
 21502 | D:15     | Received a gift from Okawaru
 21552 | D:15     | Found a staircase to the Depths.
 21920 | Orc:1    | Entered Level 1 of the Orcish Mines
 22249 | Orc:2    | Entered Level 2 of the Orcish Mines
 22261 | Orc:2    | Found a staircase to the Elven Halls.
 22333 | Orc:2    | Noticed Saint Roka
 22423 | Orc:2    | Killed Saint Roka
 22673 | Orc:2    | Found Bueva's Antique Weapon Emporium.
 22677 | Orc:2    | Found a roughly hewn altar of Beogh.
 22677 | Orc:2    | Found Veuck's Antique Armour Shoppe.
 22717 | Orc:2    | Bought a glowing large shield for 210 gold pieces
 22717 | Orc:2    | Bought a pair of runed gloves for 210 gold pieces
 22893 | Orc:2    | Found a roughly hewn altar of Beogh.
 22894 | Orc:2    | Found Efentisats's General Store.
 23027 | Orc:2    | Found a roughly hewn altar of Beogh.
 23050 | Orc:2    | Found Nugerof's Armour Emporium.
 23059 | Orc:2    | Bought the +6 plate armour of the Alphagorgon {rC+} for
                  | 1139 gold pieces
 23162 | Orc:2    | Noticed Josephine
 23171 | Orc:2    | Killed Josephine
 23179 | Orc:2    | Found a roughly hewn altar of Beogh.
 23229 | Orc:2    | Found a roughly hewn altar of Beogh.
 23666 | Orc:1    | You fall through a shaft!
 23869 | Swamp:1  | Entered Level 1 of the Swamp
 23947 | Swamp:1  | Noticed a thorn hunter
 23966 | Swamp:1  | Killed a thorn hunter
 24278 | Swamp:1  | Noticed a thorn hunter
 24365 | Swamp:1  | Killed from afar by a thorn hunter

Skill      XL: |  1  2  3  4  5  6  7  8  9 10 11 12 13 14 15 |
---------------+----------------------------------------------+-----
Long Blades    | 3 4 5 6 7 9 11 13 14 16 | 16.0
Shields        | 4 5 6 7 8 10 14 15 16 18 19 | 19.9
Fighting       | 4 8 10 12 13 | 13.5
Armour         | 4 8 10 12 13 | 13.5
Invocations    | 2 5 6 |  6.0
Evocations     | 2 5 |  5.0

Action                   |  1- 3 |  4- 6 |  7- 9 | 10-12 | 13-15 || total
-------------------------+-------+-------+-------+-------+-------++-------
Melee: Long sword        |   101 |   149 |   331 |   277 |       ||   858
       Headbutt          |    21 |    18 |   100 |   180 |   440 ||   759
       Double sword      |       |       |       |   372 |   415 ||   787
       Demon blade       |       |       |       |       |   853 ||   853
Throw: Stone             |       |       |     3 |       |       ||     3
Evoke: Wand              |       |       |     1 |       |     5 ||     6
  Use: Scroll            |       |     9 |     5 |    10 |    16 ||    40
       Potion            |       |       |       |     1 |     5 ||     6
  Eat: Chunk             |     1 |     6 |    11 |    21 |    22 ||    61
       Ration            |       |       |     2 |     1 |     5 ||     8
Armor: Scale mail        |    33 |    73 |    64 |   142 |   171 ||   483
       Plate armour      |       |     5 |    32 |       |    24 ||    61
Dodge: Dodged            |    24 |    51 |    52 |   154 |   170 ||   451
Block: Shield            |    36 |   100 |   153 |   336 |       ||   625
       Large shield      |       |       |       |       |  1109 ||  1109
       Rpst.: Long sword |     5 |    15 |    11 |    14 |       ||    45
       Double sword      |       |       |       |    15 |    14 ||    29
       Demon blade       |       |       |       |       |    18 ||    18
